AoeStats
← Yaycub

Lombardia

508772771Analyzed
2v2 RM · 9d ago on Sep 24, 2026· 57m 25s· 4 players
Game mode
Random Map
Map size
Medium (4 player)
Population
200
Speed
Normal
Resources
Standard
Victory
Conquest
Starting age
Dark Age
Ending age
Imperial Age
RankedLock teamsTeams togetherTeam positionsShared explorationLock speedFull tech treeHidden civsTurbo modeCheats
Victory
Defeat
🇨🇦 Mongols · Canada
1099
+12
🇨🇦 Saxons · Canada
1022
+16
🇨🇦 Japanese · Canada
1030
-15
🇵🇪 Varangians · Peru
1001
-13
Addicted8763
1:20 Loom
11:13 Feudal Age
11:25 Man-at-Arms
21:34 Castle Age
20:21 Fletching
21:25 Padded Archer Armor
21:57 Double-Bit Axe
22:10 Horse Collar
25:02 Elite Skirmisher
29:05 Bodkin Arrow
33:06 Leather Archer Armor
36:22 Wheelbarrow
44:17 Ballistics
55:49 Imperial Age
55:05 Crossbowman
55:58 Arbalester
DonJotequi
5:47 Loom
8:53 Feudal Age
11:01 Double-Bit Axe
13:37 Bloodlines
19:29 Wheelbarrow
19:23 Gold Mining
21:37 Castle Age
19:59 Forging
21:01 Scale Barding Armor
22:00 Horse Collar
23:13 Chain Barding Armor
23:37 Husbandry
27:21 Bow Saw
30:34 Heavy Plow
34:02 Town Watch
37:02 Iron Casting
37:07 Hand Cart
37:43 Stone Mining
41:17 Imperial Age
39:10 Fletching
41:59 Cavalier
42:30 Heavy Scorpion
45:40 Bodkin Arrow
47:51 Plate Barding Armor
49:22 Bracer
50:49 Murder Holes
51:05 Masonry
52:53 Blast Furnace
54:12 Conscription
Yaycub
10:32 Feudal Age
14:33 Castle Age
19:32 Fletching
20:48 Thumb Ring
21:45 Bodkin Arrow
26:01 Double-Bit Axe
29:27 Padded Archer Armor
30:31 Wheelbarrow
29:42 Loom
30:09 Bow Saw
29:40 Horse Collar
29:51 Gold Mining
31:10 Ballistics
32:27 Heavy Plow
32:44 Leather Archer Armor
36:29 Hand Cart
36:34 Town Watch
39:34 Scale Barding Armor
39:56 Bloodlines
39:46 Husbandry
39:08 Light Cavalry
45:52 Forging
49:22 Imperial Age
51:32 Chemistry
52:20 Chemistry
51:22 Bracer
51:43 Hussar
53:20 Chain Barding Armor
53:35 Iron Casting
55:23 Conscription
SneakFox
9:25 Feudal Age
10:10 Loom
19:23 Double-Bit Axe
22:18 Horse Collar
33:44 Castle Age
34:33 Wheelbarrow
33:55 Gold Mining
33:55 Stone Mining
36:24 Gold Shaft Mining
36:06 Bow Saw
38:07 Husbandry
38:19 Bloodlines
37:44 Pikeman
38:25 Squires
40:42 Scale Barding Armor
40:38 Scale Mail Armor
43:09 Chain Barding Armor
45:44 Clerical Recruitment
52:00 Light Cavalry
53:44 Heavy Plow
54:01 Chain Mail Armor
58:11 Imperial Age
56:18 Hand Cart
Connection lost

Rejoining the realm…

Still unreachable

The connection could not be restored.

Session expired

The server has moved on; the page needs a fresh start.